[Event "Titled Tuesday Blitz April 26 Early 2022"]
[White "Swiercz, Dariusz"]
[Black "Myshakov, Fyodor"]
[WhiteFideId "1126881"]
[BlackFideId "14111284"]
[WhiteElo "2627"]
[BlackElo "2310"]
[Result "0-1"]
[Round "01"]
[TimeControl "180+1"]
[Date "2022.04.26"]
[WhiteClock "0:00:06"]
[BlackClock "0:00:27"]

1. e4 c6 2. Nc3 d5 3. Nf3 Bg4 4. h3 Bxf3 5. Qxf3 e6 6. g3 Nd7 7. Bg2 Ngf6 8. O-O dxe4 9. Nxe4 Nxe4 10. Qxe4 Nf6 11. Qe2 Bd6 12. d4 O-O 13. c3 Rc8 14. Rd1 Qc7 15. Bg5 Be7 16. a4 h6 17. Bd2 a6 18. a5 Rcd8 19. h4 Rfe8 20. Bf3 Nd5 21. Kg2 Bf6 22. Re1 c5 23. dxc5 Qxc5 24. Red1 Qc7 25. Be4 Rd7 26. Bxh6 gxh6 27. Qf3 Bg7 28. Bxd5 exd5 29. Rxd5 Rxd5 30. Qxd5 Re5 31. Qf3 Rxa5 32. Rxa5 Qxa5 33. Qxb7 Qb5 34. Qa8+ Kh7 35. Qe4+ Kg8 36. Qa8+ Bf8 37. b4 Qc4 38. Qf3 Bg7 39. Qa8+ Kh7 40. Qd8 Bxc3 41. Qd7 Bxb4 42. Kg1 Bc5 43. Qf5+ Kg7 44. Kg2 a5 45. Qe5+ Kg8 46. Qe8+ Kh7 47. h5 a4 48. Qc6 a3 49. Qa8 a2 50. Kh2 Bxf2 51. g4 Qf4+ 52. Kg2 Qg3+ 53. Kf1 Qg1+ 54. Ke2 a1=Q 55. Qe4+ Kg7 56. g5 Qae1+ 57. Kd3 Qxe4+ 58. Kxe4 Qxg5 59. Kf3 Bc5 60. Ke2 Qe3+ 61. Kd1 Qf2 62. Kc1 Bd4 63. Kb1 Qb2# 0-1


[Site "https://www.chess.com"]

[Event "Titled Tuesday Blitz April 26 Early 2022"]
[White "Toncheva, Nadya"]
[Black "Fernandez, Daniel Howard"]
[WhiteFideId "2924056"]
[BlackFideId "5801605"]
[WhiteElo "1884"]
[BlackElo "2466"]
[Result "0-1"]
[Round "01"]
[TimeControl "180+1"]
[Date "2022.04.26"]
[WhiteClock "0:00:04"]
[BlackClock "0:00:03"]

1. e4 e5 2. Nf3 Nc6 3. Bc4 Nf6 4. d3 Bc5 5. O-O d6 6. c3 a6 7. Bb3 Ba7 8. Nbd2 O-O 9. Re1 Nh5 10. Nf1 Qf6 11. Be3 Nf4 12. Ng3 Bg4 13. d4 Nh3+ 14. Kf1 exd4 15. cxd4 Bxf3 16. gxf3 Nxd4 17. Kg2 Nf4+ 18. Kh1 g6 19. Rg1 Kh8 20. Rc1 c6 21. Rc4 Nfe6 22. f4 Nxb3 23. axb3 Nxf4 24. Qf3 Nd5 25. Qe2 Nxe3 26. fxe3 Rae8 27. Rf1 Qg5 28. Rf3 h5 29. Rc1 Re5 30. Rcf1 Re7 31. Qf2 h4 32. Ne2 Qe5 33. Rf4 Kg7 34. Rxh4 Rh8 35. Rxh8 Kxh8 36. Qh4+ Kg7 37. Nf4 Qxe4+ 38. Kg1 Bxe3+ 0-1


[Site "https://www.chess.com"]

[Event "Titled Tuesday Blitz April 26 Early 2022"]
[White "Topalov, Aleksandar"]
[Black "Kosteniuk, Alexandra"]
[WhiteFideId "925659"]
[BlackFideId "4128125"]
[WhiteElo "2158"]
[BlackElo "2469"]
[Result "0-1"]
[Round "01"]
[TimeControl "180+1"]
[Date "2022.04.26"]
[WhiteClock "0:00:03"]
[BlackClock "0:00:08"]

1. b3 Nf6 2. Bb2 b6 3. Nf3 Bb7 4. g3 c5 5. Bg2 d5 6. O-O g6 7. d3 Bg7 8. Nbd2 O-O 9. e3 Nc6 10. a3 Re8 11. Ne5 Qc7 12. Nxc6 Bxc6 13. Qe2 e5 14. e4 Rad8 15. a4 h5 16. h3 Qb7 17. Rfe1 a6 18. Nf1 d4 19. Bc1 b5 20. axb5 axb5 21. Bd2 c4 22. bxc4 bxc4 23. Reb1 Qd7 24. Bg5 c3 25. Nh2 Rb8 26. Bxf6 Bxf6 27. h4 Rb2 28. Nf3 Reb8 29. Rc1 Qe6 30. Kh2 Bd7 31. Ng1 Bg7 32. Bh3 Qd6 33. Bxd7 Qxd7 34. Nf3 Qb5 35. Ng5 Bh6 36. Qf3 Qe8 37. Ra7 R2b7 38. Rca1 Bxg5 39. hxg5 Qe7 40. Rxb7 Rxb7 41. Qf6 Qxf6 42. gxf6 Rb6 43. Ra8+ Kh7 44. Re8 Rxf6 45. Kg2 Rb6 46. Rxe5 Rb2 47. Rd5 Rxc2 48. Rxd4 Rd2 49. Rd7 Kg7 50. e5 Kf8 51. d4 c2 52. Rc7 Ke8 53. Kf3 Rxd4 54. Rxc2 Ke7 55. Ke3 Rg4 56. Kf3 Ke6 57. Rc7 Ra4 58. Kg2 g5 59. Rc5 Re4 60. Rc6+ Kxe5 61. Rh6 h4 62. gxh4 gxh4 63. Kh3 Rf4 64. Kg2 Kf5 65. f3 Kg5 66. Rh8 Rf6 67. Rg8+ Rg6 68. Rh8 Rh6 69. Rg8+ Rg6 70. Rh8 f5 71. Kf2 Rh6 72. Rg8+ Kf4 73. Ra8 h3 74. Ra4+ Kg5 75. Kg3 h2 76. f4+ Kh5 77. Kxh2 Kg4+ 78. Kg2 Rc6 79. Kf2 Rc2+ 80. Ke3 Rc3+ 81. Kd4 Rb3 82. Ke5 Rb5+ 83. Ke6 Rc5 84. Kf6 Rb5 85. Ke6 Rc5 86. Kf6 Rc3 87. Ke6 Re3+ 88. Kf6 Rb3 89. Ke6 Rf3 90. Ke5 Re3+ 91. Kf6 Re4 92. Ra1 Rxf4 93. Rg1+ Kh3 94. Ke5 Rf2 95. Rh1+ Kg2 96. Rh5 f4 97. Rg5+ Kf3 98. Rf5 Re2+ 99. Kf6 Re8 100. Kg5 Rg8+ 101. Kh4 Ke3 102. Re5+ Kf2 103. Re7 f3 104. Rg7 Rxg7 0-1


[Site "https://www.chess.com"]

[Event "Titled Tuesday Blitz April 26 Early 2022"]
[White "Tristan, Leonardo"]
[Black "Bas Mas, Jose Joaquin"]
[WhiteFideId "113816"]
[BlackFideId "22219064"]
[WhiteElo "2404"]
[BlackElo "2212"]
[Result "1-0"]
[Round "01"]
[TimeControl "180+1"]
[Date "2022.04.26"]
[WhiteClock "0:00:02"]
[BlackClock "0:00:04"]

1. d4 f5 2. Nf3 Nf6 3. g3 e6 4. Bg2 Be7 5. O-O O-O 6. c4 d6 7. Nc3 a5 8. Re1 Ne4 9. Qc2 Nxc3 10. Qxc3 Bf6 11. e4 fxe4 12. Rxe4 c5 13. Qe1 d5 14. Rxe6 Bxe6 15. Qxe6+ Kh8 16. dxc5 dxc4 17. Qxc4 Nc6 18. Be3 a4 19. Qe2 Re8 20. Rd1 Qa5 21. a3 Qxc5 22. Nd2 Qc2 23. Bf3 Nd4 24. Qf1 Rad8 25. Bxb7 Nf5 26. Bf4 Bxb2 27. Bf3 Bxa3 28. Nc4 Rxd1 29. Bxd1 Qc3 30. Bd2 Qa1 31. Bxa4 Qxf1+ 32. Kxf1 Ra8 33. Bc6 Rc8 34. Ne5 Nd6 35. Bf4 Bb2 36. Bd7 Rd8 37. Bc6 Bxe5 38. Bxe5 h6 39. Kg2 Nf7 40. Bf4 Kg8 41. Bb5 Rc8 42. Bd7 Rc2 43. Be6 Re2 44. Bc4 Rc2 45. Bd5 Rb2 46. h4 Rb5 47. Be6 Rb6 48. Bc4 Rc6 49. Bd5 Rc8 50. Be3 Kf8 51. g4 Rd8 52. Bc4 Nd6 53. Bc5 Ke7 54. Bd3 Rc8 55. Be3 Rf8 56. f4 Ke6 57. Kf3 Kd5 58. Bb1 g5 59. Ba2+ Kc6 60. hxg5 hxg5 61. f5 Ra8 62. Be6 Re8 63. Bxg5 Rf8 64. Kf4 Ne8 65. Be7 Rh8 66. f6 Nxf6 67. Bxf6 Rf8 68. Kf5 Kd6 69. g5 Re8 70. Bf7 Ra8 71. g6 Ra5+ 72. Kg4 Ra4+ 73. Kg5 Ra5+ 74. Kh6 Ra7 75. g7 Rxf7 76. g8=Q Rxf6+ 77. Kg5 Re6 78. Kf5 Re5+ 79. Kf6 Rd5 80. Qd8+ Kc5 81. Qc7+ Kd4 82. Ke6 Rc5 83. Qf4+ Kc3 84. Kd6 Rc4 85. Qe3+ Kb4 86. Kd5 Rc3 87. Qb6+ Ka3 88. Kd4 Rb3 89. Qa5+ Kb2 90. Kc4 Kc2 91. Qf5+ Kb2 92. Qf2+ Ka3 93. Qd2 Rb1 94. Qc2 Rb4+ 95. Kc3 Rb5 96. Qc1+ Ka4 97. Qa1# 1-0


[Site "https://www.chess.com"]

[Event "Titled Tuesday Blitz April 26 Early 2022"]
[White "Tymrakiewicz, Rafal"]
[Black "Willow, Jonah B"]
[WhiteFideId "1108832"]
[BlackFideId "438804"]
[WhiteElo "2205"]
[BlackElo "2261"]
[Result "0-1"]
[Round "01"]
[TimeControl "180+1"]
[Date "2022.04.26"]
[WhiteClock "0:00:05"]
[BlackClock "0:00:52"]

1. d4 Nf6 2. Bg5 e6 3. Nd2 h6 4. Bh4 c5 5. e3 Be7 6. Bd3 b6 7. Ngf3 Bb7 8. O-O O-O 9. Qe2 cxd4 10. exd4 a6 11. Rfe1 d6 12. c3 Re8 13. Nf1 Nbd7 14. Rad1 Qc7 15. Ne3 Bf8 16. Bg3 Qc6 17. c4 g6 18. b3 Bg7 19. h3 e5 20. d5 Qc7 21. Nh4 Nc5 22. Bb1 a5 23. Ng4 Nxg4 24. Qxg4 Bc8 25. Qf3 Qe7 26. Qe2 Bd7 27. Nf3 f5 28. Nd4 Qf6 29. Ne6 Nxe6 30. dxe6 Rxe6 31. f3 Bc6 32. Bf2 Qd8 33. h4 h5 34. g4 fxg4 35. fxg4 Qf8 36. Be4 Bxe4 37. Qxe4 Rae8 38. g5 Qf7 39. Bxb6 d5 40. cxd5 Rxb6 41. Kg2 Qd7 42. Kg3 Rd6 43. Rf1 Rd8 44. Rd3 Rxd5 45. Rdf3 Rd3 46. Qxg6 Qg4+ 47. Kh2 Rxf3 48. Rxf3 Rd2+ 49. Kh1 Qxf3+ 50. Kg1 Qg2# 0-1


[Site "https://www.chess.com"]

[Event "Titled Tuesday Blitz April 26 Early 2022"]
[White "Unver, Cumali"]
[Black "Koellner, Ruben Gideon"]
[WhiteFideId "6304940"]
[BlackFideId "12993093"]
[WhiteElo "2013"]
[BlackElo "2557"]
[Result "0-1"]
[Round "01"]
[TimeControl "180+1"]
[Date "2022.04.26"]
[WhiteClock "0:00:01"]
[BlackClock "0:00:45"]

1. e4 d6 2. d4 Nf6 3. Nc3 e5 4. dxe5 dxe5 5. Qxd8+ Kxd8 6. Bg5 Be6 7. f4 exf4 8. e5 h6 9. Bh4 g5 10. exf6 gxh4 11. Nf3 Nd7 12. O-O-O Bc5 13. Nxh4 Kc8 14. Bd3 Nxf6 15. Bf5 Rg8 16. Bxe6+ fxe6 17. Kb1 Bd6 18. Rhf1 Ng4 19. Rfe1 Ne3 20. Rd2 Kd7 21. g3 Ke7 22. gxf4 Bxf4 23. Rf2 Raf8 24. a3 Bg5 25. Rxf8 Kxf8 26. Nf3 Bf4 27. Ne2 Ng2 28. Nxf4 Nxe1 29. Nxe1 Rg1 30. Ng2 Rh1 31. Kc1 Rxh2 32. Kd2 Ke7 33. Ke3 Rh3+ 34. Kf4 Rh1 35. Nd3 Rf1+ 36. Kg4 Kf6 37. Ne3 Rg1+ 38. Kf4 Rh1 39. Ng4+ Ke7 40. Nde5 h5 41. Nf2 Rc1 42. c3 Rc2 43. Ned3 Kf6 44. Ne4+ Kg6 45. Ne5+ Kg7 46. Nd3 Rg2 47. Ng5 Rg4+ 48. Ke5 Rxg5+ 49. Kxe6 h4 50. Nf4 Rg4 51. Nh3 Rg3 52. Nf4 Kh6 53. Kd7 Kg5 0-1


[Site "https://www.chess.com"]

[Event "Titled Tuesday Blitz April 26 Early 2022"]
[White "Vagman, Roy"]
[Black "Papasimakopoulos, Alexandros"]
[WhiteFideId "2828995"]
[BlackFideId "4244125"]
[WhiteElo "1927"]
[BlackElo "2340"]
[Result "0-1"]
[Round "01"]
[TimeControl "180+1"]
[Date "2022.04.26"]
[WhiteClock "0:00:13"]
[BlackClock "0:00:11"]

1. Nf3 f5 2. c4 Nf6 3. g3 g6 4. Bg2 Bg7 5. O-O O-O 6. Nc3 d6 7. d4 e6 8. Qc2 Nc6 9. Rd1 Bd7 10. a3 a5 11. d5 exd5 12. cxd5 Ne5 13. Nxe5 dxe5 14. Qb3 Rb8 15. Be3 b6 16. Rac1 Kh8 17. Nb5 Ne8 18. a4 g5 19. d6 c5 20. f4 gxf4 21. gxf4 Qh4 22. Rf1 e4 23. Bf2 Qxf4 24. Bxc5 Qh6 25. Bd4 Bxb5 26. Bxg7+ Qxg7 27. axb5 Nxd6 28. Kh1 Qe5 29. Rc6 Nxb5 30. Re6 Qc5 31. Qh3 Nd4 32. Rh6 Rb7 33. e3 Nf3 34. Bxf3 exf3 35. Rxf3 Rg7 36. Rg3 Qc1+ 37. Kg2 Qxb2+ 38. Kf3 f4 39. Rxg7 Qxg7 40. exf4 Qc3+ 41. Kg4 Rg8+ 42. Kf5 Qc8+ 43. Ke4 Re8+ 44. Kf3 Qc3+ 45. Kg4 Qxh3+ 46. Rxh3 b5 47. Ra3 a4 48. f5 Kg7 49. Kg5 h6+ 50. Kf4 Kf6 51. h4 h5 52. Rg3 Ra8 53. Rg6+ Kf7 54. Kg5 a3 55. f6 a2 56. Rg7+ Ke6 57. Re7+ Kd6 58. Re1 a1=Q 59. Rxa1 Rxa1 60. Kxh5 Rf1 61. Kg6 Ke6 62. f7 Rxf7 63. h5 b4 64. h6 b3 65. h7 Rxh7 66. Kxh7 b2 67. Kg7 b1=Q 68. Kh6 Qg1 69. Kh5 Kf5 70. Kh6 Qg6# 0-1


[Site "https://www.chess.com"]

[Event "Titled Tuesday Blitz April 26 Early 2022"]
[White "Vakhlamov, Igor L."]
[Black "Belenkaya, Dina"]
[WhiteFideId "24126748"]
[BlackFideId "24142654"]
[WhiteElo "2401"]
[BlackElo "2196"]
[Result "1-0"]
[Round "01"]
[TimeControl "180+1"]
[Date "2022.04.26"]
[WhiteClock "0:00:31"]
[BlackClock "0:00:01"]

1. e4 d5 2. exd5 Qxd5 3. Nc3 Qa5 4. d4 c6 5. Nf3 Nf6 6. Bc4 Bf5 7. O-O e6 8. Re1 Be7 9. h3 Nbd7 10. Bd2 Qb6 11. Bb3 O-O 12. Qe2 a5 13. a4 Rfe8 14. Rad1 Bb4 15. Nb1 Bxd2 16. Nbxd2 Qc7 17. Nh4 Bg6 18. Nxg6 hxg6 19. Nf3 Rad8 20. c3 c5 21. Bc4 Nb8 22. Bb5 Nc6 23. dxc5 Rxd1 24. Rxd1 Rd8 25. Rxd8+ Qxd8 26. Bxc6 bxc6 27. Nd4 Qd5 28. Qa6 e5 29. Nxc6 Qd1+ 30. Kh2 Ne4 31. Qc8+ Kh7 32. Qg4 Qxg4 33. hxg4 Nxc5 34. Nxa5 Nxa4 35. Nc4 e4 36. Kg3 g5 37. f3 e3 38. Nxe3 Nxb2 39. Kf2 Kg6 40. Nd5 f6 41. Ke3 Kf7 42. Kd4 Ke6 43. c4 g6 44. Nc3 f5 45. c5 fxg4 46. fxg4 Kd7 47. Kd5 Kc7 48. c6 Kb6 49. Ne2 Nd3 50. Nd4 Nb4+ 51. Kd6 Na6 52. Ne6 1-0


[Site "https://www.chess.com"]

[Event "Titled Tuesday Blitz April 26 Early 2022"]
[White "Van den Dikkenberg, Erik"]
[Black "Sirosh, Ilja"]
[WhiteFideId "1005880"]
[BlackFideId "4500458"]
[WhiteElo "2118"]
[BlackElo "2241"]
[Result "0-1"]
[Round "01"]
[TimeControl "180+1"]
[Date "2022.04.26"]
[WhiteClock "0:00:01"]
[BlackClock "0:00:07"]

1. e4 c5 2. Nc3 d6 3. f4 g6 4. Nf3 Bg7 5. Bb5+ Bd7 6. Bc4 Nc6 7. O-O e6 8. Qe1 Nge7 9. d3 O-O 10. Kh1 Nd4 11. Nxd4 cxd4 12. Ne2 d5 13. Bb3 a5 14. a4 dxe4 15. dxe4 Bc6 16. Ng3 b5 17. f5 exf5 18. exf5 Nd5 19. fxg6 hxg6 20. Qf2 bxa4 21. Bxa4 Bxa4 22. Rxa4 Qd7 23. Rxd4 Bxd4 24. Qxd4 Rfd8 25. Bh6 f5 26. c4 Nb4 27. Qf6 Qf7 28. Qg5 Nd3 29. h4 Kh7 30. h5 Ra6 31. Nxf5 gxf5 32. Rxf5 Qg8 33. Qe3 Rxh6 34. Qe7+ Kh8 35. Rg5 Qf8 0-1


[Site "https://www.chess.com"]

[Event "Titled Tuesday Blitz April 26 Early 2022"]
[White "Vasquez Schroeder, Rodrigo"]
[Black "Deviprasath, Sharvesh"]
[WhiteFideId "3400042"]
[BlackFideId "30938228"]
[WhiteElo "2561"]
[BlackElo "2102"]
[Result "1-0"]
[Round "01"]
[TimeControl "180+1"]
[Date "2022.04.26"]
[WhiteClock "0:00:46"]
[BlackClock "0:00:04"]

1. e4 c5 2. Nf3 d6 3. d4 cxd4 4. Nxd4 Nf6 5. Nc3 Nc6 6. Bg5 g6 7. Nb3 Bg7 8. Be2 O-O 9. Qd2 Be6 10. Rd1 Rc8 11. O-O a6 12. Rfe1 Ne5 13. Bf1 Bc4 14. Bd3 Nxd3 15. cxd3 Bxb3 16. axb3 Qb6 17. d4 Qxb3 18. e5 dxe5 19. dxe5 Ng4 20. Bf4 Rc5 21. Nd5 Rc2 22. Nxe7+ Kh8 23. Qd5 Qxd5 24. Rxd5 Rxf2 25. Bc1 Rc2 26. Rd7 Nxe5 27. Rdd1 Re8 28. Nd5 Rd8 29. Bg5 Re8 30. Nf6 Rec8 31. Rxe5 h6 32. Bh4 g5 33. Re7 Bxf6 34. Rxf7 Bg7 35. Bg3 Rxb2 36. h3 Rcc2 37. Rd8+ Kh7 38. Be5 Kg6 39. Rxg7+ Kh5 40. Bxb2 Rxg2+ 1-0


[Site "https://www.chess.com"]

[Event "Titled Tuesday Blitz April 26 Early 2022"]
[White "Vlassov, Nikolai"]
[Black "Mikhnenko, Alexander"]
[WhiteFideId "4103360"]
[BlackFideId "34143014"]
[WhiteElo "2407"]
[BlackElo "2117"]
[Result "1-0"]
[Round "01"]
[TimeControl "180+1"]
[Date "2022.04.26"]
[WhiteClock "0:01:16"]
[BlackClock "0:00:17"]

1. e4 e5 2. Bc4 Nc6 3. f4 Nf6 4. Nc3 Bb4 5. Nf3 O-O 6. fxe5 Bxc3 7. dxc3 Nxe4 8. Qd5 d6 9. Qxe4 dxe5 10. Ng5 g6 11. O-O Bf5 12. Rxf5 gxf5 13. Qxf5 Qd1+ 14. Kf2 Qh5 15. Be3 Rad8 16. Bc5 Rd2+ 17. Kg1 Rd1+ 18. Rxd1 Qxd1+ 19. Kf2 Qd2+ 20. Kg3 Qe1+ 21. Kh3 1-0


[Site "https://www.chess.com"]

[Event "Titled Tuesday Blitz April 26 Early 2022"]
[White "Vokhidov, Shamsiddin"]
[Black "Nozdrachev, Leonid"]
[WhiteFideId "14204223"]
[BlackFideId "24113433"]
[WhiteElo "2611"]
[BlackElo "2242"]
[Result "1-0"]
[Round "01"]
[TimeControl "180+1"]
[Date "2022.04.26"]
[WhiteClock "0:01:50"]
[BlackClock "0:00:09"]

1. e4 c6 2. d4 d5 3. e5 Bf5 4. h4 h5 5. Bd3 Bxd3 6. Qxd3 Qa5+ 7. Nd2 e6 8. Nf3 Nh6 9. O-O Be7 10. Nb3 Qa6 11. Qd1 Nf5 12. Bg5 Bxg5 13. Nc5 Qb6 14. hxg5 Nd7 15. Nxd7 Kxd7 16. Qd2 Rac8 17. a4 Kc7 18. a5 Qa6 19. b3 g6 20. c4 dxc4 21. bxc4 Qxc4 22. Rfc1 Qa6 23. d5 exd5 24. Qxd5 Rhf8 25. e6 Kb8 26. Qe5+ Ka8 27. exf7 Rxf7 28. Qe6 Rcf8 29. Qxg6 h4 30. Rd1 Qc4 31. Rac1 Qb3 32. a6 h3 33. Rb1 Qc2 34. Qxf7 h2+ 35. Kh1 1-0


[Site "https://www.chess.com"]

[Event "Titled Tuesday Blitz April 26 Early 2022"]
[White "Vovk, Orest"]
[Black "Cagara, Paulina"]
[WhiteFideId "14113490"]
[BlackFideId "1124870"]
[WhiteElo "2203"]
[BlackElo "1780"]
[Result "1-0"]
[Round "01"]
[TimeControl "180+1"]
[Date "2022.04.26"]
[WhiteClock "0:01:33"]
[BlackClock "0:01:05"]

1. d3 f5 2. Nd2 g6 3. e4 fxe4 4. dxe4 Bg7 5. Bc4 e6 6. Ngf3 Ne7 7. h4 d5 8. Bb3 c6 9. h5 Na6 10. h6 Bf8 11. Ng5 dxe4 12. Ndxe4 Qxd1+ 13. Kxd1 Nd5 14. c4 Ndc7 15. Nf6+ Ke7 16. Nge4 Nc5 17. Bg5 Nxe4 18. Nxe4+ Kf7 19. Rh3 e5 20. Rf3+ Bf5 21. g4 Be7 22. c5+ Nd5 23. gxf5 gxf5 24. Bxe7 Kxe7 25. Rxf5 Rad8 26. Rxe5+ Kf7 27. Kc2 1-0


[Site "https://www.chess.com"]

[Event "Titled Tuesday Blitz April 26 Early 2022"]
[White "Wachinger, Guenther"]
[Black "Stribuk, Artiom"]
[WhiteFideId "4604261"]
[BlackFideId "13515659"]
[WhiteElo "2212"]
[BlackElo "2259"]
[Result "0-1"]
[Round "01"]
[TimeControl "180+1"]
[Date "2022.04.26"]
[WhiteClock "0:01:35"]
[BlackClock "0:01:25"]

1. e4 c5 2. Nf3 Nc6 3. d4 cxd4 4. Nxd4 Nf6 5. Nc3 e5 6. Ndb5 d6 7. Bg5 a6 8. Na3 b5 9. Nd5 Be7 10. Bxf6 Bxf6 11. c4 b4 12. Nc2 O-O 13. Qf3 Bg5 14. h4 Bh6 15. g4 Bf4 16. Nxf4 Qf6 17. g5 Qxf4 18. Qxf4 exf4 19. O-O-O Bg4 20. Rxd6 Bf3 21. Rg1 Bxe4 22. Bg2 Bxg2 23. Rxg2 Ne5 24. Nxb4 Nxc4 25. Rd4 Rfc8 26. Kb1 Rab8 27. Nd3 Na3+ 0-1


[Site "https://www.chess.com"]

[Event "Titled Tuesday Blitz April 26 Early 2022"]
[White "Xiong, Jeffery"]
[Black "Atanasov, Anthony"]
[WhiteFideId "2047640"]
[BlackFideId "2623897"]
[WhiteElo "2727"]
[BlackElo "1928"]
[Result "1-0"]
[Round "01"]
[TimeControl "180+1"]
[Date "2022.04.26"]
[WhiteClock "0:01:33"]
[BlackClock "0:00:02"]

1. d4 Nf6 2. Bg5 Ne4 3. Bf4 d5 4. e3 e6 5. Bd3 c5 6. Bxe4 dxe4 7. Nc3 cxd4 8. exd4 Bb4 9. Ne2 Nc6 10. O-O Bxc3 11. Nxc3 Qxd4 12. Qxd4 Nxd4 13. Be5 Nf5 14. Nxe4 f6 15. Bc3 Bd7 16. g4 Nh4 17. f4 Bc6 18. Nd6+ Ke7 19. Rad1 Nf3+ 20. Kf2 Nxh2 21. Rg1 Nf3 22. Rg3 a5 23. Nc4 h5 24. Nxa5 hxg4 25. Nxc6+ bxc6 26. Rxg4 Rh3 27. Rxg7+ Kf8 28. Rdd7 Nh4 29. Bb4+ Ke8 30. Rde7+ 1-0


[Site "https://www.chess.com"]

[Event "Titled Tuesday Blitz April 26 Early 2022"]
[White "Xu, Yi"]
[Black "Miszler, Levente"]
[WhiteFideId "8605564"]
[BlackFideId "763276"]
[WhiteElo "2471"]
[BlackElo "1966"]
[Result "1-0"]
[Round "01"]
[TimeControl "180+1"]
[Date "2022.04.26"]
[WhiteClock "0:00:39"]
[BlackClock "0:01:03"]

1. e4 e6 2. d4 d5 3. e5 c5 4. c3 Nc6 5. Nf3 Bd7 6. Be2 f6 7. Bf4 fxe5 8. Nxe5 Nxe5 9. Bxe5 Nf6 10. O-O Be7 11. Nd2 O-O 12. Nf3 Be8 13. Ng5 Qb6 14. dxc5 Bxc5 15. b4 Bd6 16. Bd4 Qc6 17. Nxe6 Bxh2+ 18. Kxh2 Qxe6 19. Kg1 Ne4 20. Rc1 Bg6 21. c4 Rac8 22. cxd5 Qxd5 23. Bxa7 Qxd1 24. Rfxd1 Nc3 25. Bg4 Ra8 26. Rxc3 Rxa7 27. Rd7 Rxa2 28. Be6+ Bf7 29. Rxf7 Ra1+ 30. Kh2 Rxf7 31. Rc8# 1-0


[Site "https://www.chess.com"]

[Event "Titled Tuesday Blitz April 26 Early 2022"]
[White "Yuan, Qingyu"]
[Black "Chernomordik, Pavel"]
[WhiteFideId "8609772"]
[BlackFideId "2804530"]
[WhiteElo "2359"]
[BlackElo "2220"]
[Result "1-0"]
[Round "01"]
[TimeControl "180+1"]
[Date "2022.04.26"]
[WhiteClock "0:01:00"]
[BlackClock "0:00:56"]

1. e4 g6 2. d4 Bg7 3. Nf3 d6 4. Be3 b6 5. Nc3 Bb7 6. h4 h6 7. Qd2 Nd7 8. Bd3 e6 9. O-O-O a6 10. Kb1 b5 11. Ne2 c5 12. c4 bxc4 13. Bc2 d5 14. exd5 exd5 15. dxc5 Ne7 16. Nc3 Nf6 17. Rhe1 Kf8 18. Ne5 Qc8 19. f4 h5 20. Na4 Ne4 21. Bxe4 dxe4 22. Nb6 Qf5 23. Qd8+ 1-0


[Site "https://www.chess.com"]

[Event "Titled Tuesday Blitz April 26 Early 2022"]
[White "Zanette, Edgard Vinicius"]
[Black "Salimova, Nurgyul"]
[WhiteFideId "2109263"]
[BlackFideId "2915138"]
[WhiteElo "2182"]
[BlackElo "2185"]
[Result "0-1"]
[Round "01"]
[TimeControl "180+1"]
[Date "2022.04.26"]
[WhiteClock "0:00:08"]
[BlackClock "0:00:12"]

1. e4 c6 2. d4 d5 3. e5 Bf5 4. h4 Qb6 5. c3 Nd7 6. Nd2 h5 7. Be2 c5 8. Nb3 e6 9. Bxh5 cxd4 10. cxd4 Bb4+ 11. Kf1 Rc8 12. Be3 Rxh5 13. Qxh5 Bd3+ 14. Ne2 Rc2 15. Nc1 Bxe2+ 16. Nxe2 Ne7 17. a3 Bd2 18. Bxd2 Rxd2 19. b4 Qb5 20. Rh3 Nf5 21. Qh8+ Nf8 22. Qh5 Nxd4 23. Re1 Nxe2 24. Qxe2 Rxe2 25. Rxe2 Qc4 26. Re3 Qxh4 27. f3 Qh1+ 28. Kf2 Qh4+ 29. Kg1 Qd4 30. Kf1 Nd7 31. f4 Nb6 32. g3 Nc4 33. Rf3 Qd1+ 34. Kf2 Qh1 35. g4 Qh2+ 36. Ke1 Qg1+ 37. Rf1 Qg3+ 38. Kd1 Ne3+ 39. Rxe3 Qxe3 40. Re1 Qxa3 0-1


[Site "https://www.chess.com"]

[Event "Titled Tuesday Blitz April 26 Early 2022"]
[White "Zhigalko, Sergei"]
[Black "Nurmanova, Alua"]
[WhiteFideId "13502956"]
[BlackFideId "13729390"]
[WhiteElo "2662"]
[BlackElo "1905"]
[Result "1-0"]
[Round "01"]
[TimeControl "180+1"]
[Date "2022.04.26"]
[WhiteClock "0:00:55"]
[BlackClock "0:00:56"]

1. e4 c5 2. Nf3 d6 3. d4 cxd4 4. Qxd4 Nc6 5. Bb5 Bd7 6. Bxc6 Bxc6 7. Nc3 Nf6 8. Bg5 e6 9. O-O-O Be7 10. Rhe1 Qa5 11. Kb1 O-O 12. Qd2 Qc7 13. Nd4 Rfd8 14. f3 a6 15. g4 Be8 16. Nce2 b5 17. Ng3 Rac8 18. Nh5 Nxh5 19. gxh5 Bxg5 20. Qxg5 h6 21. Qd2 Qe7 22. Rg1 Qh4 23. Qxh6 g6 24. Rg4 Qxh2 25. Rdg1 e5 26. Nf5 1-0


[Site "https://www.chess.com"]

[Event "Titled Tuesday Blitz April 26 Early 2022"]
[White "Zia, Tahsin Tajwar"]
[Black "Bortnyk, Olexandr"]
[WhiteFideId "10211888"]
[BlackFideId "14120828"]
[WhiteElo "1800"]
[BlackElo "2723"]
[Result "0-1"]
[Round "01"]
[TimeControl "180+1"]
[Date "2022.04.26"]
[WhiteClock "0:01:51"]
[BlackClock "0:02:50"]

1. d4 d6 2. Nf3 Nf6 3. g3 g6 4. Bg2 Bg7 5. c4 O-O 6. O-O Bf5 7. Nc3 Ne4 8. Nh4 Nxc3 9. bxc3 Bc8 10. Qb3 Nc6 11. a4 Na5 12. Qb4 c5 13. dxc5 dxc5 14. Qxc5 Nb3 15. Qa3 Nxa1 16. Qxa1 Qa5 17. Bb2 Rd8 18. Qc1 Qxa4 19. Bd5 e6 20. Be4 Qxc4 21. f3 Qxe2 22. Qg5 Rd2 0-1


[Site "https://www.chess.com"]

[Event "Titled Tuesday Blitz April 26 Early 2022"]
[White "Zlatin, Alexander"]
[Black "Bacrot, Etienne"]
[WhiteFideId "2810549"]
[BlackFideId "605506"]
[WhiteElo "2228"]
[BlackElo "2673"]
[Result "0-1"]
[Round "01"]
[TimeControl "180+1"]
[Date "2022.04.26"]
[WhiteClock "0:00:04"]
[BlackClock "0:00:16"]

1. d4 Nf6 2. Nc3 e6 3. Bf4 Bb4 4. e3 Nd5 5. Ne2 O-O 6. g3 b6 7. e4 Nxf4 8. Nxf4 Nc6 9. Bg2 Ba6 10. Ne2 Bxe2 11. Kxe2 d5 12. a3 Bxc3 13. bxc3 Rc8 14. Re1 Na5 15. Kf1 c5 16. exd5 exd5 17. dxc5 Rxc5 18. Qd3 Qf6 19. Re3 Nc4 20. Rf3 Qh6 21. Rf5 Qxh2 22. Rxd5 Ne5 23. Qe3 Ng4 24. Qe2 Rxd5 25. Bxd5 Qh5 26. Bf3 Nh2+ 27. Kg2 Qxf3+ 28. Qxf3 Nxf3 29. Kxf3 Rc8 30. Rd1 Rxc3+ 31. Kg2 g6 32. Rd8+ Kg7 33. a4 Rc4 34. a5 bxa5 35. Rd5 Rxc2 36. Rxa5 Rc7 37. Ra6 h5 38. Kh3 Kf8 39. f4 Ke8 40. Kh4 Kd8 41. Kg5 Kc8 42. Kh6 Kb7 43. Ra3 Rc5 44. Kg7 Rf5 45. Re3 a5 46. Re7+ Kc6 47. Ra7 Kb6 48. Ra8 Kb5 49. Kh6 a4 50. Kg7 Kb4 51. Ra7 a3 52. Kf8 Kb3 53. Ke7 a2 54. Kd6 h4 55. gxh4 Rxf4 56. Rb7+ Rb4 57. Ra7 Ra4 0-1


[Site "https://www.chess.com"]

[Event "Titled Tuesday Blitz April 26 Early 2022"]
[White "talman67"]
[Black "Migot, Tangi"]
[BlackFideId "662445"]
[WhiteElo "2109"]
[BlackElo "2551"]
[Result "1/2-1/2"]
[Round "01"]
[TimeControl "180+1"]
[Date "2022.04.26"]
[WhiteClock "0:00:07"]
[BlackClock "0:00:13"]

1. e4 c5 2. Nf3 a6 3. c4 Nc6 4. d4 cxd4 5. Nxd4 Nf6 6. Nc3 e5 7. Nf5 Bc5 8. Nxg7+ Kf8 9. Bh6 Kg8 10. Qf3 d6 11. Qg3 Ng4 12. Be3 Bxe3 13. fxe3 Qg5 14. Ne8 Qxe3+ 15. Qxe3 Nxe3 16. Kd2 Nxf1+ 17. Rhxf1 Be6 18. Nxd6 Rd8 19. c5 b6 20. b4 Nxb4 21. a3 bxc5 22. axb4 Rxd6+ 23. Ke3 cxb4 24. Nd5 Bxd5 25. Rfd1 Kg7 26. exd5 f5 27. g4 fxg4 28. Ke4 Rhd8 29. Ra4 Rb6 30. Kxe5 b3 31. Rxg4+ Kh8 32. d6 b2 33. Rb1 Rdxd6 34. Rxb2 Rxb2 35. Kxd6 Rxh2 36. Ke7 Rh6 37. Kf7 Rg6 38. Rc4 Rg8 39. Ra4 Ra8 40. Ra5 Ra7+ 41. Kf6 Kg8 42. Rg5+ Kf8 43. Rc5 Ke8 44. Ra5 Kd8 45. Ke6 Kc8 46. Kd6 Kb7 47. Ra1 a5 48. Rb1+ Ka6 49. Kc6 a4 50. Rb6+ Ka5 51. Rb5+ Ka6 52. Rb6+ Ka5 53. Rb5+ Ka6 54. Rb6+ 1/2-1/2


[Site "https://www.chess.com"]